 Dungeon Crawl Stone Soup version 0.27-a0-1202-ge72e49191c (webtiles) character file.

Game seed: 6536088063455005724

84 27snakeeyes612 the Skirmisher (level 4, -4/42 HPs)
             Began as a Naga Fighter on June 3, 2021.
             Splashed by Ijyb's acid (12 damage)
             ... on level 3 of the Dungeon.
             The game lasted 00:01:33 (2264 turns).

27snakeeyes612 the Skirmisher (Naga Fighter)        Turns: 2264, Time: 00:01:34

Health: -4/42      AC:  1    Str: 19    XL:     4   Next: 45%
Magic:  4/4        EV:  5    Int:  9    God:
Gold:   85         SH:  8    Dex: 10    Spells: 3/3 levels left

rFire    . . .     SeeInvis +   a - +0 war axe
rCold    . . .     Faith    .   c - +0 kite shield
rNeg     . . .     Spirit   .   b - +0 scale mail
rPois    +         Reflect  .   (no helmet)
rElec    .         Harm     .   (no cloak)
rCorr    .         Rampage  .   (no gloves)
Will     .....                  (no barding)
Stlth    ..........             (no amulet)
HPRegen  0.14/turn              (no ring)
MPRegen  0.09/turn              (no ring)

@: corroded, very slow
A: AC +1, large, see invisible, deformed body, poison resistance, slowness 2,
spit poison 1, naga tail 1
a: Spit Poison


You were on level 3 of the Dungeon.
You visited 1 branch of the dungeon, and saw 3 of its levels.

You collected 85 gold pieces.

Inventory:

Hand Weapons
 a - a +0 war axe (weapon)
Armour
 b - a +0 scale mail (worn)
 c - a +0 kite shield (worn)
Scrolls
 d - a scroll of holy word {unknown}
 e - a scroll of fear {unknown}
 f - a scroll of magic mapping {unknown}
 g - 2 scrolls of blinking {unknown}
 i - a scroll of amnesia {unknown}
 j - 2 scrolls of silence {unknown}
 k - a scroll of identify {unknown}
Potions
 h - 2 potions of heal wounds {unknown}


   Skills:
 + Level 3.4 Fighting
 + Level 2.9 Axes
 + Level 3.1 Armour
 + Level 0.3 Dodging
 + Level 0.4 Stealth
 + Level 2.8 Shields


You had 3 spell levels left.
You didn't know any spells.
Your spell library was empty.

Dungeon Overview and Level Annotations

Branches:
Dungeon (3/15)

Altars:
Ashenzari

Shops:
D:1 ?

Annotations:
D:3 Ijyb


Innate Abilities, Weirdness & Mutations

Your serpentine skin is tough. (AC +1)
You have supernaturally acute eyesight. (SInv)
Armour fits poorly on your strangely shaped body.
Your system is resistant to poisons. (rPois)
You cover ground very slowly.
You can spit poison.
You have a snake-like lower body.


Message History

No target in view!
No target in view!
No target in view!
You see here a worm corpse.
Done exploring.
Done exploring.
Done exploring.
Done exploring.
(D) Dungeon
Where to? (Enter - D:2, ? - help)
What level of the Dungeon? (default 1, ? - help)
There is a stone staircase leading down here.
You climb downwards.
There is a stone staircase leading up here.
You open the door.
Found a chain mail.
There is an open door here.
You open the door.
Found 23 stones.
No target in view!
No target in view!
No target in view!
No target in view!
No target in view!
No target in view!
There is an open door here.
You see here 23 stones.
You now have 85 gold pieces (gained 9).
Found a stone staircase leading down.
Ijyb the Twisted Goblin comes into view.
She is wielding a +7 club and carrying a wand of acid (12).
Ijyb shouts!
Ijyb screams, "Die!"
You open the door.
There is an open door here.
Ijyb zaps a wand.
The bolt of acid hits you!
You are splashed with acid!
You see here a +0 chain mail.
Ijyb zaps a wand.
The bolt of acid hits you!
* * * LOW HITPOINT WARNING * * *
The acid corrodes you!
You are splashed with acid!
You die...

.........# #....<# .........#
##...## ........## ##.## ###
##...#### #.# #.. #...# #.#
#.# #...# ##+## #.# ##.##
##...## #.# ##.######
##.....## #.#
#.......####...@...## #.####
#.#......##.........###....##
#.#.......'....g....'..(....##
#.#......##.........####...#.#
#.#......###.......##
##.##.### #.#.##...# ##....[##
#####...# #.#.##...# ##...##
#.......# #.#.##...#
##'########.####..# .. ....#
#........#..#.#.##


You could see Ijyb.

Vanquished Creatures
  2 adders (D:2)
  2 worms (D:2)
  2 dart slugs (D:1)
  5 endoplasms
  3 giant cockroaches
  4 goblins
  A hobgoblin (D:1)
  10 jackals
  6 kobolds
  2 quokkas (D:1)
  2 ball pythons
  5 bats
  2 frilled lizards (D:1)
  5 rats
51 creatures vanquished.

Notes
Turn   | Place    | Note
-------+----------+-------------------------------------------
     0 | D:1      | 27snakeeyes612 the Naga Fighter began the quest for the
                  | Orb.
     0 | D:1      | Reached XP level 1. HP: 21/21 MP: 1/1
   100 | D:1      | Reached XP level 2. HP: 25/28 MP: 2/2
   789 | D:1      | Reached XP level 3. HP: 34/34 MP: 3/3
   886 | D:1      | Found Ziwis's Magic Scroll Shop.
  1030 | D:1      | Found a faded altar of an unknown god.
  1325 | D:2      | Found a broken altar of Ashenzari.
  1501 | D:2      | Reached XP level 4. HP: 9/42 MP: 4/4
  2248 | D:3      | Noticed Ijyb
  2264 | D:3      | Splashed by Ijyb's acid

Illustrated notes

Levels and vault maps discovered:
D:1:      tarquinn_simple_flora_water_b, layout_loops_ring, serial_shops, shop,
          shapermc_ecumenical_altar_mp_urbaneastern
D:2:      layout_rooms, basic_altar
D:3:      layout_loops_corners, nicolae_overflow_hidden_temple, serial_rivers,
          chequers_serial_rivers_large_a, chequers_serial_rivers_micro_c,
          chequers_serial_rivers_micro_d, chequers_serial_rivers_small_3,
          hangedman_decor_growths, minmay_misc_feat_tiny, uniq_jessica,
          uniq_ijyb

Skill      XL: |  1  2  3  4 |
---------------+-------------+-----
Armour         | 3 |  3.1
Fighting       | |  3.4
Axes           | |  2.9
Dodging        | |  0.3
Stealth        | |  0.4
Shields        | |  2.8

Action                   |  1- 3 |  4- 6 || total
-------------------------+-------+-------++-------
Melee: War axe           |    87 |    45 ||   132
  Use: Potion            |     1 |       ||     1
Armor: Scale mail        |    68 |    26 ||    94
Dodge: Dodged            |    27 |    16 ||    43
Block: Kite shield       |    55 |    24 ||    79

Table legend: (Time is in decaauts)
 A = Elapsed time spent in this place.
 B = Non-inter-level travel time spent in this place.
 C = Inter-level travel time spent in this place.
 D = Time resting spent in this place.
 E = Time spent auto-exploring this place.
 F = Levels seen in this place.
 G = Mean time per level.
                   A        B        C        D        E       F      G
               +--------+--------+--------+--------+--------+-----+--------+
         Total |   2749 |   2687 |     62 |    329 |   1975 |   3 |  916.3 |
       Dungeon |   2749 |   2687 |     62 |    329 |   1975 |   3 |  916.3 |
               +--------+--------+--------+--------+--------+-----+--------+

Top non-repeatable levels by time:
     D:1: 1601 daAuts
     D:2: 1018 daAuts
     D:3: 130 daAuts
